 Dungeon Crawl Stone Soup version 0.22.1 (webtiles) character file.

77 LLavrengius the Chiller (level 4, -1/32 HPs)
             Began as a Barachi Ice Elementalist on Sept 18, 2018.
             Slain by an orc (5 damage)
             ... on level 2 of the Dungeon.
             The game lasted 00:05:20 (1322 turns).

LLavrengius the Chiller (Barachi Ice Elementalist)  Turns: 1322, Time: 00:05:20

Health: -1/32      AC:  3    Str: 11    XL:     4   Next: 33%
Magic:  2/7        EV: 13    Int: 15    God:
Gold:   52         SH:  0    Dex: 12    Spells: 1/7 levels left

rFire    . . .     SeeInvis .   b - +0 short sword (drain)
rCold    . . .     Gourm    .   (no shield)
rNeg     . . .     Faith    .   a - +0 robe
rPois    .         Spirit   .   (no helmet)
rElec    .         Reflect  .   (no cloak)
rCorr    .         Harm     .   n - +0 pair of gloves
MR       .....                  (no boots)
Stlth    ++........             (no amulet)
HPRegen  0.10/turn              (no ring)
MPRegen  0.10/turn              (no ring)

@: slow
A: +LOS, swims, slowness 1, strong legs 1
a: Hop


You were on level 2 of the Dungeon.
You were not hungry.

You visited 1 branch of the dungeon, and saw 2 of its levels.

You collected 52 gold pieces.

Inventory:

Hand Weapons
 b - a +0 short sword of draining (weapon)
Missiles
 j - 52 stones (quivered)
Armour
 a - a +0 robe (worn)
 i - a +0 large shield
 n - a +0 pair of gloves (worn)
Scrolls
 d - a scroll of identify {unknown}
 f - 2 scrolls of teleportation {unknown}
 g - a scroll of amnesia {unknown}
 h - a scroll of fear {unknown}
 l - a scroll of magic mapping {unknown}
 m - a scroll of enchant armour {unknown}
 o - a scroll of fog {unknown}
Potions
 e - 2 potions of berserk rage {unknown}
 k - a potion of magic {unknown}
Comestibles
 c - 3 rations
 p - 5 chunks of flesh


   Skills:
 + Level 1.6 Fighting
 + Level 2.8 Dodging
 - Level 2.0 Stealth
 - Level 2.3 Spellcasting
 + Level 1.3 Conjurations
 * Level 4.9 Ice Magic


You had one spell level left.
You knew the following spells:

 Your Spells              Type           Power        Failure   Level  Hunger
a - Freeze                Ice            ###.         2%          1    #......
b - Ozocubu's Armour      Chrm/Ice       #.......     24%         3    ###....
c - Throw Frost           Conj/Ice       ##....       9%          2    ###....

Your spell library contained the following spells:

 Spells                   Type           Power        Failure   Level  Hunger
 Throw Icicle             Conj/Ice       ##......     52%         4    #####..
 Summon Ice Beast         Ice/Summ       #.......     61%         4    #####..


Dungeon Overview and Level Annotations

Branches:
Dungeon (2/15)

Altars:


Innate Abilities, Weirdness & Mutations

Shadows flee at your approach. (+LOS)
You can swim through water.
You cover ground slowly.
You can hop short distances.


Message History

The orc priest is moderately wounded.
The orc priest hits you with a club. The orc hits you.
You hit the orc priest. You drain the orc priest!
The orc priest is severely wounded.
The orc priest calls down the wrath of Beogh upon you.
Beogh smites you! The orc hits you.
* * * LOW HITPOINT WARNING * * *
Casting: Throw Frost (safe; 10% risk of failure)
Confirm with . or Enter, or press ? or * to list all spells.
You don't have enough magic to cast that spell.
You hit the orc priest.
You kill the orc priest!
You have reached level 4!
You feel stronger. The orc hits you.
* * * LOW HITPOINT WARNING * * *
You hit the orc.
The orc is severely wounded.
The orc hits you.
You die...

#...................##
#.##.....$..........# ####
#####..........#........##...
...##..........#........#..#
...##...........##........#
...##....................###.#
...##........#.#..............
........................#.#
.............###@o....)....#
.................o...####''#
...........#####o#...# ....
.......###.....#.....# ..
.....................# .
....#.....##.........'.
........#.###........'..
....#.#.#..#####.....#...
....#.#..#.# #.... #...


You could see 3 orcs.

Vanquished Creatures
  An orc priest (D:2)
  A worm (D:2)
  3 dart slugs (D:1)
  2 leopard geckos (D:1)
  A bat (D:1)
  4 giant cockroaches
  5 hobgoblins
  4 jackals (D:2)
  6 kobolds (D:1)
  A frilled lizard (D:1)
  4 goblins
  3 rats
35 creatures vanquished.

Notes
Turn   | Place    | Note
-------+----------+-------------------------------------------
     0 | D:1      | LLavrengius the Barachi Ice Elementalist began the quest
                  | for the Orb.
     0 | D:1      | Reached XP level 1. HP: 13/13 MP: 3/3
     0 | D:1      | Noticed a large abomination
     0 | D:1      | Noticed a large abomination
     6 | D:1      | Noticed an ice dragon
     8 | D:1      | Noticed a tentacled monstrosity
    10 | D:1      | Noticed an ice dragon
    10 | D:1      | Noticed an orb of fire
    12 | D:1      | Noticed an ice dragon
    13 | D:1      | Noticed a tentacled monstrosity
    14 | D:1      | Noticed a large abomination
    14 | D:1      | Noticed a red draconian
    16 | D:1      | Noticed a shadow dragon
    16 | D:1      | Noticed an orb of fire
    18 | D:1      | Noticed an orb of fire
    18 | D:1      | Noticed an ice dragon
    19 | D:1      | Noticed a shadow dragon
   557 | D:1      | Reached XP level 2. HP: 19/19 MP: 5/5
   587 | D:1      | Reached skill level 4 in Ice Magic
   886 | D:1      | Reached XP level 3. HP: 24/25 MP: 6/6
   946 | D:1      | Reached skill level 1 in Fighting
  1309 | D:2      | Learned a level 3 spell: Ozocubu's Armour
  1312 | D:2      | Learned a level 2 spell: Throw Frost
  1321 | D:2      | Reached XP level 4. HP: 8/32 MP: 2/7
  1322 | D:2      | Slain by an orc

Skill      XL: |  1  2  3 |
---------------+----------+-----
Stealth        | 2 |  2.0
Ice Magic      | 4 |  4.9
Fighting       | 1 |  1.6
Dodging        | |  2.8
Spellcasting   | |  2.3
Conjurations   | |  1.3

Action                   |  1- 3 |  4- 6 || total
-------------------------+-------+-------++-------
Melee: Short sword       |    77 |     1 ||    78
       Unarmed           |     1 |       ||     1
 Cast: Freeze            |    13 |       ||    13
       Throw Frost       |     2 |       ||     2
 Stab: Sleeping          |     4 |       ||     4
  Eat: Chunk             |     2 |       ||     2
Armor: Robe              |     8 |       ||     8
Dodge: Dodged            |    59 |       ||    59
